 Dungeon Crawl Stone Soup version 0.25.1-9-gc5326a611f (webtiles) character file.

Game seed: 17156681866283214671

4839 tkbsonic5 the Nimble (level 10, -8/115 HPs)
             Began as a Human Monk on Nov 24, 2021.
             Was a High Priest of Okawaru.
             Mangled by an ogre
             ... wielding a +0 giant club
              (27 damage)
             ... on level 8 of the Dungeon on Nov 25, 2021.
             The game lasted 00:38:03 (9124 turns).

tkbsonic5 the Nimble (Human Monk)                   Turns: 9124, Time: 00:38:04

Health: -8/115     AC: 25    Str: 15    XL:     10   Next: 78%
Magic:  14/14      EV:  2    Int: 14    God:    Okawaru [*****.]
Gold:   141        SH:  0    Dex: 16    Spells: 9/9 levels left

rFire    . . .     SeeInvis .   D - +7 trident "Loupox" {flame, Int+4, Trip-Hop}
rCold    . . .     Gourm    .   (no shield)
rNeg     + + +     Faith    .   (armour currently unavailable)
rPois    +         Spirit   .   (helmet currently unavailable)
rElec    .         Reflect  .   (cloak currently unavailable)
rCorr    .         Harm     .   (gloves currently unavailable)
MR       .....     NoTele   +   (boots currently unavailable)
Stlth    ++........             (no amulet)
HPRegen  0.29/turn              o - +4 ring of evasion
MPRegen  0.14/turn              (no ring)

@: tree-form
A: no striking features
a: Heroism, Finesse, Renounce Religion


You were on level 8 of the Dungeon.
You worshipped Okawaru.
Okawaru was extremely pleased with you.
You were not hungry.
You were a tree.
You visited 1 branch of the dungeon, and saw 8 of its levels.

You collected 304 gold pieces.
You spent 163 gold pieces at shops.

Inventory:

Hand Weapons
 D - the +7 trident "Loupox" (weapon) {flame, Int+4, Trip-Hop}
   (You found it on level 5 of the Dungeon)

   It has been specially enchanted to burn those struck by it, causing extra
   injury to most foes and up to half again as much damage against particularly
   susceptible opponents.
   It affects your intelligence (+4).
Missiles
 a - 9 javelins
 e - 17 poisoned darts (quivered) {Sneaker Pimps}
 v - 4 datura-tipped darts
 H - 3 silver javelins
Armour
 c - a +0 plate armour (melded) {Bonobo}
 m - a +0 pair of gloves (melded)
 s - a +1 hat
 x - a +0 pair of boots (melded)
Jewellery
 f - an uncursed ring of fire
 o - a +4 ring of evasion (left branch)
 C - an uncursed ring of ice
Wands
 A - a wand of disintegration (14)
Scrolls
 b - a scroll of fear {unknown}
 d - a scroll of fog {unknown}
 g - 7 scrolls of remove curse
 k - a scroll of random uselessness {unknown}
 l - a scroll of enchant armour {unknown}
 t - 4 scrolls of teleportation
 F - a scroll of vulnerability {unknown}
 G - a scroll of amnesia
Potions
 h - 4 potions of curing
 i - 2 potions of heal wounds {unknown}
 j - 2 potions of might
 n - a potion of flight {unknown}
 p - a potion of stabbing
 q - a potion of magic
 z - a potion of mutation
Comestibles
 r - 7 rations
 u - 8 chunks of flesh


   Skills:
 + Level 6.6 Fighting
 * Level 5.9 Polearms
 + Level 4.9 Throwing
 + Level 4.7 Armour
 * Level 8.3 Dodging
 - Level 2.0 Stealth
 - Level 5.4 Unarmed Combat
 + Level 5.5 Invocations


You had 9 spell levels left.
You didn't know any spells.
Your spell library contained the following spells:

 Spells                   Type           Power        Failure   Level  Hunger
 Confusing Touch          Hex            #.......     65%         3    ####...
 Gell's Gravitas          Tloc           #.........   65%         3    ####...
 Petrify                  Tmut/Erth      #.......     96%         4    #####..
 Metabolic Englaciation   Hex/Ice        #.........   100%        5    ######.
 Yara's Violent Unravell  Hex/Tmut       #.........   100%        5    ######.


Dungeon Overview and Level Annotations

Branches:
Dungeon (8/15)             Temple (0/1) D:4
   Lair: D:8-11

Altars:
Ashenzari
Okawaru

Shops:
D:5 *   D:8 *


Message History

r - Retreat! s - Stop attacking. g - Guard the area. f - Follow me.
Anything else - Cancel.
Retreat in which direction?
Press: ? - help, Dir - move target cursor, p - ogre Fall back!
The ogre closely misses you. The ogre hits you with a +0 giant club.
* * * LOW HITPOINT WARNING * * *
Okay, then.
Really quaff the potion of lignification?
You turn into a tree.
Your +0 pair of gloves melds into your body.
Your +0 pair of boots melds into your body.
Your +0 plate armour {Bonobo} melds into your body.
Your roots penetrate the ground.
The ogre hits you with a +0 giant club!!
* * * LOW HITPOINT WARNING * * *
You feel better.
The ogre hits you with a +0 giant club!!
You die...

#############
..))))).....#####
#####.#####.#...#####
#...........O♣...#
#..####..............
#..####......%.......
#........(....).....#
#.#####............(#
#. #>.#.....?..... #.
#..##.#.......# #.
#..##.#....%..# #<.#
# .


You could see a neutral ogre (fast, strong, insane).

Vanquished Creatures
  Gastronok (D:8)
  Pikel (D:8)
  Prince Ribbit (D:6)
  A hippogriff (D:7)
  An orc warrior (D:7)
  A sky beast (D:5)
  4 centaurs (D:6)
  2 ogres
  2 bullfrogs
  2 scorpions
  A water moccasin skeleton (D:7)
  4 wights (D:6)
  5 howler monkeys
  3 crimson imps
  5 centaur zombies
  A quasit (D:7)
  2 bullfrog zombies
  3 orc priests
  4 hounds
  A jelly (D:5)
  A bullfrog skeleton (D:5)
  An iguana (D:6)
  5 orc wizards
  4 worker ants
  2 hound skeletons (D:6)
  5 worker ant zombies
  A howler monkey zombie (D:5)
  8 adders
  2 shadow imps
  4 oozes
  An adder skeleton (D:7)
  2 worms
  A dart slug (D:1)
  6 leopard geckos
  16 orcs
  6 bats
  5 giant cockroaches
  5 goblins
  14 hobgoblins
  10 jackals
  A quokka (D:3)
  A ball python (D:2)
  8 frilled lizards
  A jackal skeleton (D:5)
  6 kobolds
  A leopard gecko skeleton (D:5)
  7 rats
169 creatures vanquished.

Vanquished Creatures (collateral kills)
  An ogre (D:8)
1 creature vanquished.

Grand Total: 170 creatures vanquished

Notes
Turn   | Place    | Note
-------+----------+-------------------------------------------
     0 | D:1      | tkbsonic5 the Human Monk began the quest for the Orb.
     0 | D:1      | Reached XP level 1. HP: 18/18 MP: 1/1
   259 | D:1      | Reached XP level 2. HP: 24/24 MP: 2/2
   585 | D:1      | Reached XP level 3. HP: 29/29 MP: 3/3
  1285 | D:2      | Found an iron altar of Okawaru.
  1314 | D:2      | Became a worshipper of Warmaster Okawaru
  1314 | D:2      | Reached * piety under Okawaru
  1314 | D:2      | Reached ** piety under Okawaru
  1338 | D:2      | Reached XP level 4. HP: 33/35 MP: 4/4
  1491 | D:2      | Reached skill level 1 in Throwing
  2114 | D:3      | Reached skill level 1 in Invocations
  2131 | D:3      | Reached XP level 5. HP: 42/42 MP: 3/6
  3451 | D:4      | Reached skill level 1 in Armour
  3451 | D:4      | Reached skill level 4 in Dodging
  3451 | D:4      | Reached XP level 6. HP: 20/48 MP: 7/7
  4047 | D:4      | Found a staircase to the Ecumenical Temple.
  4141 | D:4      | Reached XP level 7. HP: 29/54 MP: 6/8
  4411 | D:5      | Entered Level 5 of the Dungeon
  5184 | D:5      | Reached *** piety under Okawaru
  5184 | D:5      | Reached skill level 5 in Dodging
  5184 | D:5      | Reached XP level 8. HP: 25/61 MP: 8/10
  5385 | D:5      | Reached skill level 5 in Unarmed Combat
  5584 | D:5      | Reached skill level 5 in Fighting
  5967 | D:5      | Found Sump's General Store.
  5970 | D:5      | Bought a cursed ring of teleportation for 63 gold pieces
  5970 | D:5      | Bought a scroll of teleportation for 42 gold pieces
  5970 | D:5      | Bought a scroll of identify for 28 gold pieces
  6089 | D:5      | Got a steaming trident
  6091 | D:5      | Identified the +7 trident "Loupox" {flame, Int+4} (You
                  | found it on level 5 of the Dungeon)
  6659 | D:6      | Found a shattered altar of Ashenzari.
  6691 | D:6      | Reached skill level 1 in Polearms
  6927 | D:6      | Reached skill level 6 in Dodging
  6957 | D:6      | Found an iron altar of Okawaru.
  7047 | D:6      | Reached **** piety under Okawaru
  7047 | D:6      | Reached XP level 9. HP: 66/68 MP: 11/11
  7052 | D:6      | Received a gift from Okawaru
  7809 | D:6      | Noticed Prince Ribbit
  7814 | D:6      | Killed Prince Ribbit
  8083 | D:7      | Noticed a hippogriff
  8092 | D:7      | Reached skill level 7 in Dodging
  8094 | D:7      | Killed a hippogriff
  8492 | D:7      | Reached XP level 10. HP: 76/76 MP: 13/13
  8840 | D:8      | Noticed Pikel
  8840 | D:8      | Found Qajet's General Store.
  8851 | D:8      | Killed Pikel
  8856 | D:8      | Bought a potion of curing for 30 gold pieces
  8950 | D:8      | Noticed Gastronok
  8969 | D:8      | Killed Gastronok
  8969 | D:8      | Reached ***** piety under Okawaru
  8969 | D:8      | Received a gift from Okawaru
  8969 | D:8      | Received a gift from Okawaru
  8969 | D:8      | Reached skill level 5 in Polearms
  8969 | D:8      | Reached skill level 8 in Dodging
  8969 | D:8      | Reached skill level 5 in Invocations
  9124 | D:8      | Mangled by an ogre

Illustrated notes

Levels and vault maps discovered:
D:1:      sevenhm_arrival_forest_fort_large_1, layout_basic,
          kennysheep_minor_cross
D:2:      layout_rooms, first_ration, chequers_big_river,
          okawaru_ov_weapons_minmay
D:3:      layout_basic
D:4:      layout_loops_cross, minmay_temple_entry_gardened_gates
D:5:      layout_basic, serial_shops, nicolae_shop_behind_doors, serial_undead,
          serial_undead_f, serial_undead_f, serial_undead_f, serial_undead_a,
          serial_undead_d, serial_undead_f, corner_web_ring
D:6:      layout_basic, ashenzari_conservatory_becter, basic_altar,
          uniq_prince_ribbit1
D:7:      layout_loops_cross
D:8:      layout_loops_ring, serial_shops,
          nicolae_shop_temple_entry_statues_fountains, uniq_gastronok,
          uniq_pikel

Skill      XL: |  1  2  3  4  5  6  7  8  9 10 |
---------------+-------------------------------+-----
Throwing       | 1 2 3 4 |  4.9
Invocations    | 1 2 3 4 5 |  5.5
Fighting       | 4 5 6 |  6.6
Armour         | 1 2 3 4 |  4.7
Dodging        | 4 5 6 7 8 |  8.3
Unarmed Combat | 4 5 |  5.4
Polearms       | 2 4 5 |  5.9
Stealth        | |  2.0

Action                   |  1- 3 |  4- 6 |  7- 9 | 10-12 || total
-------------------------+-------+-------+-------+-------++-------
Melee: Unarmed           |   100 |   286 |   218 |       ||   604
       Punch             |       |     8 |     8 |       ||    16
       Trident           |       |       |   165 |    50 ||   215
Throw: Dart              |     5 |    13 |     8 |     1 ||    27
       Stone             |       |       |    41 |       ||    41
       Javelin           |       |       |    13 |    12 ||    25
Invok: Heroism           |       |     4 |     5 |       ||     9
Evoke: Wand              |       |       |     1 |       ||     1
  Use: Scroll            |       |     8 |     5 |     2 ||    15
       Potion            |       |       |     4 |     2 ||     6
 Stab: Sleeping          |     5 |       |     1 |       ||     6
       Invisible         |       |       |     4 |       ||     4
  Eat: Chunk             |     1 |     6 |     4 |     2 ||    13
       Ration            |       |     1 |     3 |       ||     4
Armor: Leather armour    |    20 |       |       |       ||    20
       Ring mail         |       |    46 |    37 |       ||    83
       Plate armour      |       |       |   104 |    12 ||   116
Dodge: Dodged            |    60 |   195 |   258 |    20 ||   533
